woodfighter, lawful female dwarven Priestess # #B##o @ --+---.-- +...`...| |+......| --------- woodfighter the Adept Experience level: 7 Strength: 5 Dexterity: 12 Constitution: 16 Intelligence: 17 Wisdom: 8 Charisma: 10 Health: 0(61) Energy: 33(43) Def: 4 Gold: 982 Moves: 5070 Dungeon seed: UaVevss9GVzlMybm Game ID: woodfighter_1552823551 Your Inventory: Coins $ - 982 gold pieces Weapons a - a blessed +1 mace (weapon in hand) Armor e - a +0 robe (being worn) n - a +0 small shield (being worn) N - a +0 orcish helm (being worn) Q - a +0 leather armor Comestibles c - 2 cloves of garlic d - a sprig of wolfsbane k - 3 cram rations l - 2 food rations p - a tin of garter snake meat x - 2 tripe rations W - 2 eggs Z - 2 lizard corpses Scrolls j - a cursed scroll of gold detection s - 4 scrolls of scare monster w - a scroll of create monster C - a blessed scroll of light D - a scroll of gold detection G - a blessed scroll of charging J - a scroll of identify O - a blessed scroll of enchant weapon R - a cursed scroll of teleportation Potions b - 4 potions of holy water t - a potion of fruit juice u - a blessed potion of gain energy v - a cursed potion of monster detection A - a blessed potion of gain ability F - a potion of polymorph I - a potion of confusion P - a potion of see invisible X - 3 potions of hallucination Rings m - a ring of poison resistance L - a cursed ring of hunger M - a cursed ring of aggravate monster Wands f - a wand of cancellation (0:1) B - a wand of enlightenment (0:15) K - a wand of striking (0:0) Tools i - a magic marker (0:64) H - a magic lamp Gems q - an agate r - 2 worthless pieces of yellowish brown glass y - 3 worthless pieces of white glass z - a worthless piece of blue glass Y - a worthless piece of yellow glass Spells and supernatural/magical abilities: Name Level Category Fail Memory h - healing 1 healing 0% 75% O - create monster 2 clerical 0% 75% W - pray for help -- divine ? -- X - turn undead -- divine ? -- Your skills at the end: Miscellaneous Skills shield [Basic] wands [Basic] Weapon Skills pick-axe [Basic] mace [Basic] Spellcasting Skills clerical spells [Basic] Final Attributes: You were devoutly aligned. You had infravision. You are dead. Vanquished creatures: a giant beetle a wolf 2 lizards a dog a gnome mummy 2 rock piercers a pony 3 fog clouds an elf zombie a puppy a floating eye 2 homunculi 2 iguanas 8 hill orcs 4 jitterbugs a giant bat a monkey 3 dwarf zombies a wererat a werejackal 6 killer bees a gas spore a gecko a brown mold 2 red molds 8 garter snakes 2 manes a gnome zombie 10 jackals 2 foxes a kobold 7 newts 3 goblins a sewer rat 10 grid bugs 7 lichens 2 kobold zombies 103 creatures vanquished. Voluntary challenges: You did not cause conflict. You were not invisible. You did not have reflection. You were not displaced. You used a wielded weapon 219 times, starting on turn 2. You did not use tools. You did not use plumbed fixtures. You did not drink any magical draughts. You were illiterate. You never genocided any monsters. You never polymorphed an object. You never changed form. You used no wishes. You never split a pudding. You never wrote Elbereth's name. You never violated your personal moral code. Dungeon overview: The Dungeons of Doom: levels 1 to 9 Level 1 a fountain a long staircase Level 2 (shop) some fountains Level 3 Level 4 stairs to The Gnomish Mines Level 5 (eye) a fountain Level 6 a fountain Level 7 Level 8 many fountains Level 9 <- You were here The Gnomish Mines: Level 5 stairs to The Dungeons of Doom History has recorded: On T:1 you entered the Dungeons of Doom to retrieve the Amulet of Yendor! On T:178 you reached level 2 of The Dungeons of Doom. On T:581 you reached level 3 of The Dungeons of Doom. On T:714 you advanced to experience level 2. On T:1004 you advanced to experience level 3. On T:1034 you reached level 4 of The Dungeons of Doom. On T:1527 you advanced to experience level 4. On T:1582 you reached level 1 of The Gnomish Mines. On T:1734 you prayed to Issek. On T:1761 you advanced to experience level 5. On T:1837 you reached level 5 of The Dungeons of Doom. On T:2114 you reached level 6 of The Dungeons of Doom. On T:2231 you prayed to Issek. On T:2234 you advanced to experience level 6. On T:2711 you reached level 7 of The Dungeons of Doom. On T:3311 you reached level 8 of The Dungeons of Doom. On T:4382 you advanced to experience level 7. On T:4796 you reached level 9 of The Dungeons of Doom. On T:5012 you prayed to Issek. Score breakdown: Gold: 982 ( 98 points) Experience: 7 levels ( 600 points) Exploration: 9 levels ( 240 points) Discoveries: 29 items ( 1450 points) Variety of kills: 37 monsters ( 1850 points) Major goal: (nothing yet) ( 0 points) Survival: died (score multiplied by 3) Total score: 12714 Latest messages: The hill orc just misses! You kill the hill orc! You hit the iguana! The iguana bites! You hit the iguana. The iguana bites! You hit the iguana. You kill the iguana! There are a few objects here. The vampire bat bites! (2x) You hit the vampire bat! The vampire bat bites! (6x) You feel better. The vampire bat bites! (4x) You feel better. The vampire bat bites! (6x) You feel better. The vampire bat bites! (4x) The vampire bat's bite was poisoned! You hit the vampire bat. The vampire bat bites! (2x) The hill orc wields a curved sword! The vampire bat bites! (4x) The vampire bat's bite was poisoned! You die... Final status: Goodbye woodfighter the Priestess, poisoned by a vampire bat... You died in The Dungeons of Doom on dungeon level 9 with 12714 points, and 982 pieces of gold, after 5070 moves. You were level 7 with a maximum of 61 hit points when you died.